 Dungeon Crawl Stone Soup version 0.32-a0-22-g6ae6769602 (webtiles) character file.

Game seed: 10349136759972078523

11807 IdlyInterested the Slicer (level 11, -3/77 HPs)
             Began as a Demonspawn Gladiator on Jan 18, 2024.
             Killed from afar by an electric eel (5 damage)
             ... with a bolt of electricity
             ... on level 10 of the Dungeon.
             The game lasted 00:35:52 (11596 turns).

IdlyInterested the Slicer (Demonspawn Gladiator)   Turns: 11596, Time: 00:35:53

Health: -3/77      AC:  9    Str: 23    XL:     11   Next: 54%
Magic:  11/11      EV: 11    Int:  9    God:
Gold:   726        SH:  9    Dex: 16    Spells: 10/10 levels left

rFire   + + .        J - +3 short sword (speed)
rCold   x x .        u - +0 kite shield
rNeg    . . .        N - +3 salamander hide armour {Flames, rFlCloud rF++ rC--}
rPois   .            O - melded +3 hat of Pondering {ponderous, Will+ MP+10 Int+5}
rElec   .            (cloak currently unavailable)
rCorr   .            g - melded +0 pair of gloves
SInv    .            (boots currently unavailable)
Will    +....        (no amulet)
Stlth   +            i - ring of willpower
HPRegen 0.32/turn    K - +6 ring of strength
MPRegen 0.12/turn

%: no passive effects
@: beast-form, very slow
A: beast (slay +4), horns 1, yellow scales 2, powered by pain 2, spiny 1
a: Begin Untransformation


You were on level 10 of the Dungeon.
You were a hulking beast.
You visited 2 branches of the dungeon, and saw 11 of its levels.
You also visited: Bailey.

You collected 726 gold pieces.

Inventory:

Hand Weapons
 a - a +0 rapier
 o - a +0 dagger of venom
 H - a +1 dagger of draining
 J - a +3 short sword of speed (weapon)
Missiles
 d - 2 throwing nets
 f - 22 stones (quivered)
 y - 5 curare-tipped darts
 G - 5 silver javelins
 I - 11 poisoned darts
Armour
 c - a +2 robe of resistance
 g - a +0 pair of gloves (melded)
 u - a +0 kite shield (worn)
 L - a +4 plate armour of cold resistance
 N - the +3 salamander hide armour (worn) {Flames, rFlCloud rF++ rC--}
   (You found it in a bailey)

   Flames:    It surrounds you with flame clouds and enhances your fire magic.
   rFlCloud:  It grants immunity to flame clouds.
   rF++:      It greatly protects you from fire.
   rC--:      It makes you very vulnerable to cold.
 O - the +3 hat of Pondering (melded) {ponderous, Will+ MP+10 Int+5}
   (You took it off Gastronok on level 10 of the Dungeon)

   Int+5:     It affects your intelligence (+5).
   Will+:     It increases your willpower.
   MP+10:     It affects your magic capacity (+10).
Jewellery
 i - a ring of willpower (left hand)
 w - a ring of resist corrosion
 x - a +6 ring of intelligence
 K - a +6 ring of strength (right hand)
Talismans
 n - a beast talisman (active)
 r - a maw talisman
Wands
 E - a wand of charming (15)
Scrolls
 j - a scroll of vulnerability
 k - a scroll of poison {unknown}
 l - a scroll of silence
 q - 2 scrolls of fear
 C - a scroll of fog
 D - a scroll of teleportation
 F - a scroll of amnesia
Potions
 b - 2 potions of resistance
 e - a potion of curing
 h - a potion of attraction
 m - a potion of ambrosia
 p - a potion of enlightenment {unknown}
 s - a potion of brilliance {unknown}
 t - a potion of magic {unknown}
 v - a potion of heal wounds {unknown}
 z - a potion of degeneration {unknown}
 A - a potion of mutation {unknown}
 B - a potion of cancellation {unknown}
 M - a potion of might {unknown}
 Q - a potion of haste


   Skills:
 - Level 4.0 Fighting
 * Level 12.9 Short Blades
 - Level 3.0 Throwing
 - Level 3.0 Armour
 - Level 3.0 Dodging
 - Level 3.0 Stealth
 + Level 3.2 Shields
 - Level 3.0 Unarmed Combat
 - Level 3.0 Evocations
 - Level 7.0 Shapeshifting


You had 10 spell levels left.
You didn't know any spells.
Your spell library contained the following spells:

 Spells                   Type           Power      Damage    Failure   Level
 Blink                    Tloc           0%         N/A       83%         2
 Lesser Beckoning         Tloc           0%         N/A       83%         2
 Momentum Strike          Conj/Tloc      0%         3d8       83%         2
 Cause Fear               Hex            0%         N/A       100%        4
 Fireball                 Conj/Fire      0%         3d3       100%        5
 Iskenderun's Battlesphe  Conj           0%         2d6       100%        5
 Bombard                  Conj/Erth      0%         9d1       100%        6
 Spellforged Servitor     Conj/Summ      0%         N/A       100%        7
 Dragon's Call            Summ           0%         N/A       100%        9


Dungeon Overview and Level Annotations

Branches:
Dungeon (10/15)            Temple (1/1) D:7            Lair (0/5) D:10
 Bailey (visited)
    Orc: D:9-12

Altars:
Ashenzari
Cheibriados
Dithmenos
Fedhas
Gozag
Kikubaaqudgha
Makhleb
Nemelex Xobeh
Okawaru
Qazlal
Ru
Sif Muna
Trog
Uskayaw
Vehumet
Wu Jian
Yredelemnul
Lugonu


Innate Abilities, Weirdness & Mutations

You are a hulking beast.
Your limbs bulge with bestial killing power. (Slay +4)
You have a pair of small horns on your head.
You are mostly covered in yellow scales. (AC +3)
You sometimes gain power by taking damage.
You are partially covered in sharp spines.


Message History

The electric eel shoots out a bolt of lightning at you!
The bolt of electricity hits you.
Unknown command.
Your unstable footing causes you to fumble your attack.
The electric eel is engulfed in blazing flames.
You kill the electric eel!
Why would you want to do that?
Throw: 24 stones
Press: ? - help, Q - select action, (/) - cycle Shift-Dir - straight line, f - electric eel
Aim: an electric eel (water, 50% to hit)
You throw a stone. The stone hits the electric eel.
The electric eel is moderately wounded.
The electric eel shoots out a bolt of lightning at you!
The bolt of electricity hits the electric eel.
The electric eel completely resists.
The bolt of electricity hits you.
Throw: 23 stones
Press: ? - help, Q - select action, (/) - cycle Shift-Dir - straight line, f/p - electric eel
Aim: an electric eel (water, moderately wounded, 50% to hit)
You throw a stone.
The stone closely misses the electric eel.
The stone hits the electric eel.
The electric eel is lightly wounded.
The electric eel shoots out a bolt of lightning at you!
The bolt of electricity misses the electric eel.
The bolt of electricity hits you!
An electric eel comes into view.
The electric eel shoots out a bolt of lightning at you!
The bolt of electricity hits the electric eel.
The electric eel completely resists.
The bolt of electricity hits you!
* * * LOW HITPOINT WARNING * * *
The electric eel shoots out a bolt of lightning at you!
The bolt of electricity hits you!
* * * LOW HITPOINT WARNING * * *
The electric eel shoots out a bolt of lightning at you!
The bolt of electricity hits the electric eel.
The electric eel completely resists.
The bolt of electricity hits you!
* * * LOW HITPOINT WARNING * * *
The electric eel shoots out a bolt of lightning at you!
The bolt of electricity hits you.
You die...

###.#..)#.##.#.#. #.
........)†)..... #.
##.#....###.#.##
##?###...>...###.#.#
#................#.## #
#......~.≈..)....#...
#.##...~....~.~..~.#####
......§☼☼~~~~.≈....#
###.~°h☼≈≈≈.≈≈≈~..#####
#.○§○☼≈≈≈≈~≈~........
#≈○☼~~~≈≈≈~≈~....####
#≈°S≈≈.~.~.≈~~~.##
#≈≈S≈~~....~≈~..#
..~≈≈≈≈..>.~.~≈..#
..≈≈≈≈~~....~~...#
.##≈≈≈≈≈~..~.~ #.
#.~≈≈~...~.


You could see 2 electric eels.

Vanquished Creatures
  Gastronok (D:10)
  4 two-headed ogres
  Joseph (D:7)
  Jeremiah (D:7)
  A gargoyle (D:10)
  A troll (D:10)
  A wraith (D:10)
  2 wyverns
  5 humans (D:7)
  Eustachio (D:6)
  A steam dragon (D:5)
  2 vampire mosquitoes (D:9)
  Menkaure (D:7)
  3 water moccasins
  4 ice beasts
  9 orc warriors
  An ogre (D:6)
  4 wolves (D:10)
  2 centaurs
  A phantom (D:4)
  3 kobold brigands
  A bullfrog (D:7)
  A wyvern zombie (D:5)
  3 necrophages (D:5)
  2 scorpions
  2 gnoll sergeants
  8 wights
  13 killer bees
  2 electric eels (D:10)
  4 howler monkeys
  2 bullfrog zombies (D:5)
  3 bombardier beetles
  5 hounds
  2 jellies
  2 sleepcaps
  2 orc priests
  A gnoll bouda (D:9)
  4 iguanas
  Terence (D:3)
  Natasha (thrice) (D:3)
  6 orc wizards
  4 adders
  11 gnolls
  A white imp (D:7)
  An adder zombie (D:5)
  A dart slug (D:1)
  A ribbon worm (D:3)
  35 orcs
  8 endoplasms
  3 giant cockroaches
  7 goblins
  5 hobgoblins
  19 kobolds
  2 quokkas (D:2)
  5 ball pythons
  10 bats
  4 frilled lizards
  5 rats
238 creatures vanquished.

Vanquished Creatures (collateral kills)
  4 orc warriors (Bailey)
4 creatures vanquished.

Vanquished Creatures (others)
  An orc warrior (Bailey)
1 creature vanquished.

Grand Total: 243 creatures vanquished

Notes
Turn   | Place    | Note
-------+----------+-------------------------------------------
     0 | D:1      | IdlyInterested the Demonspawn Gladiator began the quest for
                  | the Orb.
     0 | D:1      | Reached XP level 1. HP: 16/16 MP: 1/1
   105 | D:1      | Reached skill level 1 in Armour
   109 | D:1      | Reached skill level 3 in Short Blades
   109 | D:1      | Gained mutation: You have a pair of small horns on your
                  | head. [demonic ancestry]
   109 | D:1      | Reached XP level 2. HP: 6/22 MP: 2/2
   110 | D:1      | HP: 1/22 [endoplasm (1)]
   307 | D:1      | Gained mutation: You are partially covered in sharp spines.
                  | [demonic ancestry]
   307 | D:1      | Reached XP level 3. HP: 16/27 MP: 3/3
   399 | D:1      | Reached skill level 1 in Shields
   731 | D:2      | Reached skill level 1 in Stealth
   959 | D:2      | Found a faded altar of an unknown god.
   964 | D:2      | Reached skill level 1 in Evocations
   964 | D:2      | Reached XP level 4. HP: 25/33 MP: 4/4
  1518 | D:3      | Noticed Natasha
  1523 | D:3      | Killed Natasha
  1524 | D:3      | Reached skill level 1 in Shapeshifting
  1597 | D:3      | Noticed Terence
  1611 | D:3      | Noticed Natasha
  1613 | D:3      | Killed Terence
  1614 | D:3      | Reached skill level 4 in Short Blades
  1662 | D:3      | Killed Natasha
  1663 | D:3      | Reached XP level 5. HP: 23/38 MP: 5/5
  1752 | D:3      | Noticed a +0 falchion
  1752 | D:3      | Noticed a +0 spear
  1752 | D:3      | Noticed a +0 dagger
  1752 | D:3      | Noticed a +0 spear
  1752 | D:3      | Noticed a +0 short sword
  1752 | D:3      | Noticed a +0 short sword
  1782 | D:3      | Noticed Natasha
  1791 | D:3      | Killed Natasha
  1886 | D:3      | Noticed a +0 dagger
  1888 | D:3      | Noticed a +0 falchion
  1892 | D:3      | Found a hide-covered altar of Uskayaw.
  2088 | D:4      | Found a bloodstained altar of Trog.
  2256 | D:4      | Noticed a phantom
  2273 | D:4      | Killed a phantom
  2274 | D:4      | Gained mutation: You sometimes gain a little power by
                  | taking damage. [demonic ancestry]
  2274 | D:4      | Reached XP level 6. HP: 37/44 MP: 6/6
  2852 | D:4      | Found a shimmering blue altar of Sif Muna.
  2974 | D:4      | Found a snail-covered altar of Cheibriados.
  3044 | D:5      | Entered Level 5 of the Dungeon
  3044 | D:5      | Noticed an orc warrior
  3062 | D:5      | Killed an orc warrior
  3063 | D:5      | Reached skill level 5 in Short Blades
  3180 | D:5      | Noticed a steam dragon
  3198 | D:5      | Killed a steam dragon
  3199 | D:5      | Reached XP level 7. HP: 5/50 MP: 7/7
  3361 | D:5      | Found a transporter.
  3837 | D:5      | Found a blossoming altar of Fedhas.
  3942 | D:5      | Reached skill level 6 in Short Blades
  3962 | D:5      | Reached skill level 1 in Unarmed Combat
  3962 | D:5      | Gained mutation: You sometimes gain power by taking damage.
                  | [demonic ancestry]
  3962 | D:5      | Reached XP level 8. HP: 52/56 MP: 8/8
  4215 | D:5      | Found a stormy altar of Qazlal.
  4296 | D:5      | Found a transporter.
  4402 | D:5      | Found a broken altar of Ashenzari.
  4457 | D:6      | Noticed Eustachio
  4500 | D:6      | Killed Eustachio
  4501 | D:6      | Reached skill level 7 in Short Blades
  4501 | D:6      | Reached skill level 5 in Shapeshifting
  5589 | D:6      | Gained mutation: You are partially covered in yellow
                  | scales. (AC +2) [demonic ancestry]
  5589 | D:6      | Reached XP level 9. HP: 12/61 MP: 9/9
  5860 | D:6      | Found an opulent altar of Gozag.
  5966 | D:7      | Reached skill level 8 in Short Blades
  6455 | D:7      | Noticed Jeremiah
  6490 | D:7      | Killed Jeremiah
  6822 | D:7      | Reached skill level 9 in Short Blades
  6938 | D:7      | Found a staircase to the Ecumenical Temple.
  6948 | Temple   | Entered the Ecumenical Temple
  7457 | D:7      | Gained mutation: You are mostly covered in yellow scales.
                  | (AC +3) [demonic ancestry]
  7457 | D:7      | Reached XP level 10. HP: 63/70 MP: 10/10
  7638 | D:7      | Noticed Menkaure
  7650 | D:7      | Killed Menkaure
  7824 | D:7      | Noticed Joseph
  7849 | D:7      | Killed Joseph
  8685 | D:8      | Reached skill level 10 in Short Blades
  8875 | D:8      | Found a radiant altar of Vehumet.
  9479 | D:9      | Found a flagged portal.
  9490 | D:9      | Noticed a two-headed ogre
  9501 | D:9      | Killed a two-headed ogre
  9543 | Bailey   | Entered a bailey
 10132 | Bailey   | Reached skill level 11 in Short Blades
 10142 | Bailey   | Found the +3 salamander hide armour {Flames, rFlCloud rF++
                  | rC--}
 10421 | Bailey   | Identified the +0 helmet "Kuigiag" {rC+ Will- Dex+4}
 10584 | D:9      | Found an ancient bone altar of Kikubaaqudgha.
 10889 | D:9      | Noticed a two-headed ogre
 10902 | D:9      | Killed a two-headed ogre
 10903 | D:9      | Reached XP level 11. HP: 61/75 MP: 11/11
 10965 | D:9      | Noticed a two-headed ogre
 10975 | D:9      | Killed a two-headed ogre
 10976 | D:9      | Reached skill level 12 in Short Blades
 11208 | D:10     | Entered Level 10 of the Dungeon
 11236 | D:10     | Noticed a two-headed ogre
 11245 | D:10     | Killed a two-headed ogre
 11284 | D:10     | Noticed Gastronok
 11297 | D:10     | Killed Gastronok
 11579 | D:10     | Found a staircase to the Lair.
 11596 | D:10     | HP: 2/77 [electric eel/bolt of electricity (12)]
 11596 | D:10     | Killed from afar by an electric eel

Illustrated notes

Levels and vault maps discovered:
D:1:      reono_arrival_forest_river, layout_rooms, st_stairs_4
D:2:      layout_loops_ring, basic_ecumenical_altar
D:3:      layout_rooms, nicolae_uskayaw_en_pointe, uniq_natasha, uniq_terence
D:4:      layout_loops_ring, led_sif_pool, mainiacjoe_overflow_tiny_flanked,
          bloody_trog
D:5:      gammafunk_cloud_chamber, layout_loops_ring, kennysheep_mini_moat,
          fedhas_altar_decomposition, cheibrodos_ashenzari_chains
D:6:      layout_basic, nicolae_tso_swordbearing_angel,
          nicolae_gozag_seed_capital, grunt_ministairs_9, sword_in_stone
D:7:      layout_cave_pods, mainiacjoe_overflow_six_doors_small,
          minmay_temple_entry_sparse_star,
          serial_library_hellmonk_long_bookcase, dreamdust_mushroom_princess,
          minivault_26, minmay_ruffians, uniq_jeremiah, uniq_menkaure,
          uniq_joseph
D:8:      layout_cave_pools, vehumet_crystals, elyvilon_altar_3
D:9:      layout_irregular_city, kiku_gazebo_garden_becter, enter_bailey_6
D:10:     layout_loops_ring, regret_index_xom_of_box,
          mainiacjoe_overflow_surrounded_room, erik_lair_island, orc_0_dummy,
          statue_in_the_mist_lemuel, minivault_25, uniq_gastronok
Temple:   corrupted_temple

Skill      XL: |  1  2  3  4  5  6  7  8  9 10 11 |
---------------+----------------------------------+-----
Armour         | 1 2 3 |  3.0
Short Blades   | 3 4 5 6 7 9 11 12 | 12.9
Shields        | 1 2 3 |  3.2
Stealth        | 1 2 3 |  3.0
Evocations     | 1 2 3 |  3.0
Shapeshifting  | 1 2 3 4 5 7 |  7.0
Throwing       | 2 3 |  3.0
Unarmed Combat | 1 2 3 |  3.0
Fighting       | 3 4 |  4.0
Dodging        | 3 |  3.0

Action                     |  1- 3 |  4- 6 |  7- 9 | 10-12 || total
---------------------------+-------+-------+-------+-------++-------
  Melee: Rapier            |    89 |    39 |       |       ||   128
         Headbutt          |    11 |    24 |    87 |    65 ||   187
         Unarmed           |       |     5 |       |       ||     5
         Punch             |       |     1 |     1 |       ||     2
         Dagger            |       |    68 |   253 |       ||   321
         Short sword       |       |       |    87 |   248 ||   335
  Throw: Stone             |     5 |    13 |    10 |    18 ||    46
         Javelin           |     1 |     1 |     2 |       ||     4
         Throwing net      |     1 |       |     2 |       ||     3
         Dart              |       |       |     4 |     3 ||     7
Ability: Begin Untransform |       |       |       |     2 ||     2
  Evoke: Wand              |       |       |       |     4 ||     4
    Use: Potion            |     2 |     2 |     5 |     2 ||    11
         Scroll            |       |     1 |     3 |     8 ||    12
   Stab: Sleeping          |       |     2 |       |       ||     2
 Armour: Leather armour    |    22 |       |       |    38 ||    60
         Ring mail         |    29 |     7 |       |       ||    36
         Chain mail        |       |    70 |   156 |       ||   226
         Skin              |       |     5 |       |       ||     5
         Robe              |       |       |    26 |    65 ||    91
  Dodge: Dodged            |    52 |    40 |    64 |    64 ||   220
  Block: Kite shield       |       |       |    64 |    56 ||   120
   Form: Beast             |       |     1 |       |     2 ||     3

Table legend: (Time is in decaauts)
 A = Elapsed time spent in this place.
 B = Non-inter-level travel time spent in this place.
 C = Inter-level travel time spent in this place.
 D = Time resting spent in this place.
 E = Time spent auto-exploring this place.
 F = Levels seen in this place.
 G = Mean time per level.
                   A        B        C        D        E       F      G
               +--------+--------+--------+--------+--------+-----+--------+
         Total |  11362 |  10674 |    688 |   3616 |   4511 |  12 |  946.8 |
       Dungeon |  10228 |   9541 |    687 |   2915 |   4510 |  10 | 1022.8 |
        Temple |    236 |    235 |      1 |    190 |      0 |   1 |  236.0 |
        Bailey |    897 |    897 |      0 |    511 |      1 |   1 |  897.0 |
               +--------+--------+--------+--------+--------+-----+--------+

Top non-repeatable levels by time:
     D:7: 2120 daAuts
     D:6: 1574 daAuts
     D:5: 1418 daAuts
     D:4: 1111 daAuts
     D:9: 942 daAuts
  Bailey: 897 daAuts
     D:2: 890 daAuts
     D:1: 634 daAuts
     D:8: 617 daAuts
     D:3: 550 daAuts
    D:10: 368 daAuts
  Temple: 236 daAuts
